 Dungeon Crawl Stone Soup version 0.22-a0-877-g5c4e1af (webtiles) character file.

158 smcx the Firebug (level 5, -3/38 HPs)
             Began as a Draconian Fire Elementalist on July 25, 2018.
             Slain by an iguana (10 damage)
             ... on level 4 of the Dungeon on July 29, 2018.
             The game lasted 00:30:42 (4100 turns).

smcx the Firebug (Draconian Fire Elementalist)      Turns: 4100, Time: 00:30:43

Health: -3/38      AC:  6    Str: 10    XL:     5   Next: 16%
Magic:  5/9        EV: 12    Int: 16    God:
Gold:   145        SH:  0    Dex: 12    Spells: 3/9 levels left

rFire    . . .     SeeInvis .   j - +0 hunting sling
rCold    . . .     Gourm    .   (no shield)
rNeg     . . .     Faith    .   (armour unavailable)
rPois    .         Spirit   .   (helmet restricted)
rElec    .         Reflect  .   s - +0 cloak
rCorr    +         Harm     .   (no gloves)
MR       .....                  (no boots)
Stlth    ++........             (no amulet)
HPRegen  0.12/turn              h - ring of resist corrosion
MPRegen  0.11/turn              (no ring)

@: no status effects
A: unfitting armour, cold-blooded, AC +5
a: no special abilities


You were on level 4 of the Dungeon.
You were not hungry.

You visited 1 branch of the dungeon, and saw 5 of its levels.

You collected 145 gold pieces.

Inventory:

Hand Weapons
 j - a +0 hunting sling (weapon)
Missiles
 m - 111 stones
 q - 49 sling bullets (quivered)
Armour
 s - a +0 cloak (worn)
Jewellery
 h - a ring of resist corrosion (left hand)
Scrolls
 a - a scroll of enchant armour {unknown}
 d - a scroll of fear {unknown}
 e - a scroll of teleportation {unknown}
 l - 2 scrolls of fog
 n - 2 scrolls of enchant weapon {unknown}
 p - 3 scrolls of remove curse
 r - 2 scrolls of noise {unknown}
Potions
 c - a potion of heal wounds
 i - 3 potions of flight
 k - a potion of curing
Comestibles
 b - 3 rations


   Skills:
 + Level 0.5 Slings
 + Level 2.5 Dodging
 - Level 1.7 Stealth
 + Level 2.7 Spellcasting
 * Level 2.4 Conjurations
 * Level 4.3 Fire Magic


You had 3 spell levels left.
You knew the following spells:

 Your Spells              Type           Power        Failure   Level  Hunger
a - Flame Tongue          Conj/Fire      ##...        4%          1    #......
b - Throw Flame           Conj/Fire      ##....       8%          2    ##.....
c - Conjure Flame         Conj/Fire      ##......     14%         3    ###....

Your spell library contained the following spells:

 Spells                   Type           Power        Failure   Level  Hunger
 Fireball                 Conj/Fire      ##........   80%         5    ######.
 Sticky Flame             Conj/Fire      ##......     43%         4    #####..
 Inner Flame              Hex/Fire       #.......     24%         3    ###....


Dungeon Overview and Level Annotations

Branches:
Dungeon (5/15)
 Temple: D:4-7

Altars:
Nemelex Xobeh


Innate Abilities, Weirdness & Mutations

Your plain brown scales are hard. (AC +5)
You cannot fit into any form of body armour.
You are cold-blooded and may be slowed by cold attacks.


Message History

There is a stone staircase leading down here.
You climb downwards. 4 jackals and an ooze come into view.
The jackal barks! x3; You hear an angry hiss.
Found 21 stones and a runed mace.
Found two stone staircases leading down.
There is a stone staircase leading up here.
You climb upwards.
The gnoll hits you from afar with a halberd of chopping!
There is a stone staircase leading down here.
The gnoll hits you from afar with a halberd of chopping!
The gnoll shaman calls upon its god to speed up the gnoll.
The gnoll seems to speed up.
The gnoll shouts!
The gnoll hits you from afar with a halberd of chopping.
* * * LOW HITPOINT WARNING * * *
x2 The gnoll closely misses you.
There is a stone staircase leading up here.
The gnoll hits you but does no damage. The iguana bites you!
You die...

#.......##
#........##
#...g......
#.g........
##........<.
#..>g.......
##...gg.####
#....gl##
#..###.@#
#..## #..#
#..# ##.#
#..# #.#
#..# #..
#..# #...
... #...
#.###


You could see a gnoll shaman, an iguana and 5 gnolls.

Vanquished Creatures
  Crazy Yiuf (D:3)
  3 adders
  3 oozes
  A worm (D:3)
  A dart slug (D:2)
  2 leopard geckos (D:2)
  3 orcs (D:3)
  A giant cockroach (D:1)
  5 goblins
  8 hobgoblins
  18 jackals
  2 quokkas (D:3)
  2 ball pythons
  7 bats
  4 frilled lizards
  8 kobolds
  6 rats
75 creatures vanquished.

Notes
Turn   | Place    | Note
-------+----------+-------------------------------------------
     0 | D:1      | smcx the Draconian Fire Elementalist began the quest for the Orb.
     0 | D:1      | Reached XP level 1. HP: 14/14 MP: 3/3
   114 | D:1      | Reached XP level 2. HP: 19/20 MP: 0/5
   311 | D:1      | Upgraded the game from 0.22-a0-833-g8522bf8 to 0.22-a0-877-g5c4e1af
   314 | D:1      | Learned a level 2 spell: Throw Flame
   994 | D:2      | Reached XP level 3. HP: 19/26 MP: 2/6
  1346 | D:1      | Learned a level 3 spell: Conjure Flame
  1601 | D:2      | Found a faded altar of an unknown god.
  1805 | D:2      | Found a sparkling altar of Nemelex Xobeh.
  2167 | D:3      | Reached XP level 4. HP: 32/33 MP: 2/7
  2239 | D:3      | Reached skill level 4 in Fire Magic
  3668 | D:3      | Found a runed door.
  3718 | D:3      | Noticed Crazy Yiuf
  3723 | D:3      | Killed Crazy Yiuf
  3723 | D:3      | Reached XP level 5. HP: 38/38 MP: 0/9
  4092 | D:5      | Entered Level 5 of the Dungeon
  4100 | D:4      | Slain by an iguana

Vault maps used:
D:1:      shiori_arrival_oz
D:2:      nemelex_xobeh_ov_fountains_minmay,
          chequers_ecumenical_altar_simple_redux, first_ration
D:3:      minmay_statues_item, minmay_randomly_rotated_circles,
          uniq_crazy_yiuf_cottage
D:5:      bloody_trog, minmay_temple_entry_butterflies, uniq_grinder

Skill      XL: |  1  2  3  4 |
---------------+-------------+-----
Dodging        | 2 |  2.5
Fire Magic     | 4 |  4.3
Conjurations   | 2 |  2.4
Slings         | |  0.5
Stealth        | |  1.7
Spellcasting   | |  2.7

Action                   |  1- 3 |  4- 6 || total
-------------------------+-------+-------++-------
Melee: Short sword       |    13 |       ||    13
 Fire: Hunting sling     |     3 |    32 ||    35
 Cast: Flame Tongue      |    65 |    47 ||   112
       Throw Flame       |     9 |    11 ||    20
       Conjure Flame     |       |     4 ||     4
  Use: Scroll            |     1 |     6 ||     7
  Eat: Chunk             |     4 |     5 ||     9
       Ration            |     1 |       ||     1
Armor: Skin              |    18 |     9 ||    27
Dodge: Dodged            |    62 |    15 ||    77

Table legend:
 A = Spawn XP
 B = Non-spawn XP
 C = Spawn XP percentage of total XP
 D = Spawn monster count
 E = Non-spawn monster count
 F = Spawn count percentage of total count
 G = Total turns spent on level
                    A         B        C        D         E        F      G
               +---------+---------+-------+---------+---------+-------+---------
         Total |       0 |     227 |   0.0 |       0 |      75 |   0.0 |  4100
               +---------+---------+-------+---------+---------+-------+---------
           D:1 |       0 |      43 |   0.0 |       0 |      24 |   0.0 |  1321
           D:2 |       0 |      50 |   0.0 |       0 |      17 |   0.0 |   977
           D:3 |       0 |     134 |   0.0 |       0 |      34 |   0.0 |  1724
               +---------+---------+-------+---------+---------+-------+---------
